 Dungeon Crawl Stone Soup version 0.18.1-48-g4cf74bf (webtiles) character file.

65 Gargoyl the Skirmisher (level 3, -1/29 HPs)
             Began as a Demonspawn Abyssal Knight on Aug 22, 2016.
             Was a Believer of Lugonu.
             Slain by a worm (3 damage)
             ... on level 2 of the Dungeon.
             The game lasted 00:03:22 (1405 turns).

Gargoyl the Skirmisher (Demonspawn Abyssal Knight)  Turns: 1405, Time: 00:03:23

Health: -1/29      AC:  6    Str: 13    XL:     3   Next: 94%
Magic:  5/5        EV:  9    Int: 13    God:    Lugonu [**....]
Gold:   88         SH:  0    Dex: 12    Spells: 0 memorised, 2 levels left

rFire  + . .     SeeInvis .     a - +1 hand axe
rCold  x . .     Gourm    .     d - +0 scale mail
rNeg   . . .     Faith    .     (no shield)
rPois  .         Spirit   .     (no helmet)
rElec  .         Dismiss  .     (no cloak)
rCorr  .         Reflect  .     (no gloves)
SustAt .         Harm     .     (no boots)
MR     .....                    (no amulet)
Stlth  ..........               (no ring)
                                k - ring of fire

@: not resistant to hostile enchantments, extremely unstealthy
A: talons 1
a: Depart the Abyss, Bend Space, Renounce Religion


You were on level 2 of the Dungeon.
You worshipped Lugonu.
Lugonu was pleased with you.
You were not hungry.

You visited 1 branch of the dungeon, and saw 3 of its levels.
You visited the Abyss 1 time.

You collected 88 gold pieces.

Inventory:

Hand Weapons
 a - a +1 hand axe (weapon)
 o - a +0 spear
Missiles
 g - 11 tomahawks (quivered)
Armour
 d - a +0 scale mail (worn)
Jewellery
 k - a ring of fire (left hand)
 p - a cursed ring of teleportation {unknown}
Scrolls
 e - 5 scrolls of identify {unknown}
 i - 2 scrolls of enchant armour {unknown}
 j - a scroll of recharging {unknown}
 n - 3 scrolls of remove curse {unknown}
Potions
 b - a potion of lignification
 l - a potion of haste {unknown}
 m - a potion of brilliance {unknown}
Comestibles
 c - a bread ration
 f - a beef jerky
 h - a meat ration


   Skills:
 + Level 3.5 Fighting
 + Level 2.1 Axes
 * Level 2.3 Armour
 + Level 1.9 Dodging
 + Level 0.4 Stealth
 + Level 2.7 Invocations


You had 2 spell levels left.
You didn't know any spells.

Dungeon Overview and Level Annotations

Branches:
Dungeon (3/15)

Altars:


Innate Abilities, Weirdness & Mutations

You have sharp toenails.


Message History

The worm is lightly wounded.
The worm bites you!
You barely miss the worm.
The worm is lightly wounded.
You completely miss the worm.
The worm is lightly wounded.
The worm barely misses you.
You hit the worm.
The worm is lightly wounded.
The worm bites you but does no damage.
You barely miss the worm.
The worm is lightly wounded.
You completely miss the worm.
The worm is lightly wounded.
The worm bites you!
* * * LOW HITPOINT WARNING * * *
You hit the worm.
The worm is moderately wounded.
The worm bites you.
You die...

...
#..............#
#.. .....
#..............#
#.. .....#
.....##........#
#.. .....#
###...##........#
#.. .....#
#...#.........#
#.. ##
####...#.#########
#.. #......#.# #..
#....#.# #..
#..w@..# #..
######## ###
#########.
#......##.
#.####.##.
#.####....
#.#.....#.
#.#.###.#. #.#.#
#.#.


You could see a worm.

Vanquished Creatures
  A gnoll (D:1)
  2 adders
  3 giant geckos
  2 giant cockroaches
  3 goblins
  6 hobgoblins
  4 jackals (D:1)
  A ball python (D:2)
  5 bats
  2 giant newts (D:1)
  4 rats
33 creatures vanquished.

Notes
Turn   | Place    | Note
--------------------------------------------------------------
     0 | Abyss:1  | Gargoyl the Demonspawn Abyssal Knight began the quest for the Orb.
     0 | Abyss:1  | Reached XP level 1. HP: 18/18 MP: 2/2
    54 | Abyss:2  | Noticed an efreet
    55 | D:1      | Escaped the Abyss
    98 | D:1      | Reached * piety under Lugonu
   121 | D:1      | Reached skill level 1 in Dodging
   124 | D:1      | Gained mutation: You have sharp toenails. [demonic ancestry]
   124 | D:1      | Reached XP level 2. HP: 11/24 MP: 4/4
   609 | D:1      | Reached XP level 3. HP: 10/29 MP: 5/5
  1319 | D:2      | Reached ** piety under Lugonu
  1405 | D:2      | Slain by a worm

Skill      XL: |  1  2 |
---------------+-------+-----
Dodging        | 1 |  1.9
Armour         | 2 |  2.3
Axes           | 2 |  2.1
Fighting       | |  3.5
Stealth        | |  0.4
Invocations    | |  2.7

Action                   || total
-------------------------++-------
Melee: Hand axe          ||   139
       Kick              ||    11
Invok: Depart the Abyss  ||     1
  Use: Potion            ||     2
 Stab: Distracted        ||     1
  Eat: Chunk             ||     2
Armor: Scale mail        ||    93
       Skin              ||    22
Dodge: Dodged            ||    89
